Match 41368262
Unlisted
Match 41368262
End
Panzergrenadier Squad
Selects Panzerjäger Kommand Battlegroup
Selects Mine Fields
Panzergrenadier Squad
250 Light Carrier
Construct Light Support Kompanie
Fire Support Elements
MG34 Team
Veteran Squad Leaders
2.5-tonne Medical Truck
Panzerjäger Mechanized Group
Construct Mechanized Kompanie
18-tonne Recovery Half-track
Selects Tank Busters
Selects Defensive Positions
StuG III D Assault Gun
Vehicle Survival Package
Combat Half-tracks
Panzergrenadier Squad
Construct Panzerarmee Kommand
Panzer III L Medium Tank
Armored Reserves
18-tonne Recovery Half-track
Selects Crew Shock Tactics
MG34 Team
Selects Elefant Tank Destroyer
Elefant Tank Destroyer
圣战士阿凡提
VanDernxx
Easyjunjie
Luminescence
Yaas
random 35
0
0
Comments sign in to comment!
No comments posted yet!